 Dungeon Crawl Stone Soup version 0.20.0-15-g7f486f2 (webtiles) character file.

35 jerryfan the Magician (level 3, 2/19 HPs)
             Began as a Deep Elf Wizard on June 11, 2017.
             Quit the game on level 1 of the Dungeon.
             The game lasted 00:07:27 (1354 turns).

jerryfan the Magician (Deep Elf Wizard)             Turns: 1354, Time: 00:07:27

Health: 2/19       AC:  2    Str:  4    XL:     3   Next: 17%
Magic:  1/11       EV: 13    Int: 23    God:
Gold:   114        SH:  0    Dex: 13    Spells: 3/11 levels left

rFire    . . .     SeeInvis .   (no weapon)
rCold    . . .     Gourm    .   (no shield)
rNeg     . . .     Faith    .   a - +0 robe
rPois    .         Spirit   .   b - +0 hat
rElec    .         Reflect  .   (no cloak)
rCorr    .         Harm     .   (no gloves)
MR       .....                  (no boots)
Stlth    ++........             g - amulet of regeneration
Regen    0.5/turn               (no ring)
MPRegen  0.2/turn               (no ring)

@: lethally poisoned (2 -> -4)
A: no striking features
a: no special abilities


You were on level 1 of the Dungeon.
You were not hungry.

You visited 1 branch of the dungeon, and saw 2 of its levels.

You collected 114 gold pieces.

Inventory:

Armour
 a - a +0 robe (worn)
 b - a +0 hat (worn)
Jewellery
 g - an amulet of regeneration (around neck)
Scrolls
 e - a scroll of teleportation {unknown}
 h - a scroll of remove curse {unknown}
 i - a scroll of enchant armour {unknown}
Books
 c - a book of Minor Magic

   Spells                             Type                      Level
   a - Magic Dart                     Conjuration                  1
   b - Blink                          Translocation                2
   c - Call Imp                       Summoning                    2
   d - Slow                           Hexes                        2
   e - Conjure Flame                  Conjuration/Fire             3
   f - Mephitic Cloud                 Conjuration/Poison/Air       3
Comestibles
 d - 2 bread rations
 f - a chunk of flesh


   Skills:
 + Level 2.8 Dodging
 + Level 3.3 Stealth
 + Level 4.9 Spellcasting
 + Level 1.9 Conjurations
 - Level 1.1 Summonings
 - Level 1.1 Translocations


You had 3 spell levels left.
You knew the following spells:

 Your Spells              Type           Power        Failure   Level  Hunger
a - Magic Dart            Conj           ##..         4%          1    None
b - Blink                 Tloc           N/A          9%          2    None
c - Call Imp              Summ           ##......     9%          2    None
d - Conjure Flame         Conj/Fire      ##......     19%         3    ##.....


Dungeon Overview and Level Annotations

Branches:
Dungeon (2/15)

Altars:
The Shining One


Message History

You are lethally poisoned!
The adder poisons you!
Your crimson imp hits the adder.
You feel sick. The bat completely misses you.
You hit the adder.
The adder is heavily wounded.
You feel sick. The bat hits you but does no damage. The adder misses you.
You hit the adder but do no damage.
The adder is heavily wounded.
You feel sick. The bat closely misses you.
Your crimson imp barely misses the adder.
The adder bites you.
* * * LOW HITPOINT WARNING * * *
You hit the adder but do no damage.
The adder is heavily wounded.
* * * LOW HITPOINT WARNING * * *
You feel sick. The bat closely misses you.
The adder bites you but does no damage.
Your crimson imp closely misses the adder.
The adder barely misses you.
Are you sure you want to abandon this character and quit the game? (Confirm with "yes".)

#.......................
####.###################
#.# #.# ######
#.#####....##########
#.##>.'....'.........
#.##5##....##########
#.##S##....##
#.##@.......#####
#.##........##P.####
#.##.b..(...#..♣...##
#.##........#P.PPP..#
#####.##.........P♣♣P....
#......#..........P♣♣..♣P
########........#..♣P.P♣♣
#........#..P).PP♣
#.########.####..P


You could see an adder, a bat and a friendly crimson imp.

Vanquished Creatures
  A dart slug (D:1)
  3 bats
  A giant cockroach (D:1)
  3 goblins
  4 hobgoblins (D:1)
  8 kobolds
  3 frilled lizards
  8 rats
31 creatures vanquished.

Vanquished Creatures (collateral kills)
  A dart slug (D:1)
1 creature vanquished.

Grand Total: 32 creatures vanquished

Notes
Turn   | Place    | Note
-------+----------+-------------------------------------------
     0 | D:1      | jerryfan the Deep Elf Wizard began the quest for the Orb.
     0 | D:1      | Reached XP level 1. HP: 10/10 MP: 7/7
   308 | D:1      | Reached XP level 2. HP: 15/15 MP: 5/9
   312 | D:1      | Learned a level 2 spell: Blink
   842 | D:1      | Learned a level 2 spell: Call Imp
  1120 | D:1      | Reached XP level 3. HP: 19/19 MP: 6/11
  1302 | D:2      | Learned a level 3 spell: Conjure Flame
  1340 | D:2      | Found a glowing golden altar of the Shining One.
  1354 | D:1      | Quit the game

Skill      XL: |  1  2 |
---------------+-------+-----
Stealth        | 3 |  3.3
Dodging        | |  2.8
Spellcasting   | |  4.9
Conjurations   | |  1.9
Summonings     | |  1.1
Translocations | |  1.1

Action                   || total
-------------------------++-------
Melee: Unarmed           ||    14
 Cast: Magic Dart        ||    79
       Blink             ||     5
       Call Imp          ||     4
 Stab: Sleeping          ||     1
  Eat: Chunk             ||     1
Armor: Robe              ||     7
Dodge: Dodged            ||    19
